 Dungeon Crawl Stone Soup version 0.26.1-11-gd32895ea62 (webtiles) character file.

Game seed: 7943553891783873220

114155 vovch the Peltast (level 16, 0/167 HPs)
             Began as a Minotaur Fighter on June 3, 2021.
             Was the Champion of Wu Jian.
             Shot with an arrow by a satyr (12 damage)
             ... on level 1 of the Shoals.
             The game lasted 02:38:18 (30406 turns).

vovch the Peltast (Minotaur Fighter)               Turns: 30406, Time: 02:38:19

Health: 0/167      AC: 23    Str: 25    XL:     16   Next: 15%
Magic:  24/24      EV: 10    Int: 12    God:    Wu Jian [******]
Gold:   809        SH: 22    Dex: 13    Spells: 15/15 levels left

rFire    + + .     SeeInvis .   r - +9 whip (elec)
rCold    + . .     Faith    .   Y - +1 kite shield {rC+}
rNeg     . . .     Spirit   .   C - +2 plate armour {Will+}
rPois    .         Reflect  +   (helmet restricted)
rElec    +         Harm     .   (no cloak)
rCorr    .         Rampage  .   V - +1 pair of gloves {Str+3}
Will     ++++.                  W - +0 pair of boots
Stlth    ..........             N - amulet of Tazec {Reflect rElec Dex+4 SH+5}
HPRegen  0.37/turn              X - ring of the Mage {Wiz Will++ Int+3}
MPRegen  0.19/turn              w - ring of Ascent {+Fly rElec rF++ MP+9 Dex-3}

@: mighty, lethally poisoned (0 -> -11)
A: retaliatory headbutt, horns 2, repulsion field 1, robust 1, MP-powered wands
a: Renounce Religion, Evoke Flight, Wall Jump, Serpent's Lash, Heavenly Storm


You were on level 1 of the Shoals.
You worshipped Wu Jian.
Wu Jian was exalted by your worship.
You visited 5 branches of the dungeon, and saw 25 of its levels.
You also visited: Ice Cave and Volcano.

You collected 2543 gold pieces.
You spent 1734 gold pieces at shops.

Inventory:

Hand Weapons
 h - a +2 shortbow of flaming
 k - a +4 mace of protection
 r - a +9 whip of electrocution (weapon)
 J - a +2 flail of draining
 R - the +6 whip of the Horn {vorpal, MP+9}
   (You found it on level 1 of the Lair of Beasts)

   It inflicts extra damage upon your enemies.
   It affects your magic capacity (+9).
Missiles
 Q - 708 arrows
Armour
 C - a +2 plate armour of willpower (worn)
 K - a +1 plate armour of positive energy
 L - +0 acid dragon scales
 O - a +0 crystal plate armour
 T - a +0 pair of gloves of archery
 V - a +1 pair of gloves of strength (worn)
 W - a +0 pair of boots (worn)
 Y - a +1 kite shield of cold resistance (worn)
Jewellery
 a - an uncursed ring of protection from fire
 c - an uncursed ring of protection from cold
 g - a +4 ring of protection
 o - an uncursed ring of willpower
 t - an uncursed ring of see invisible
 w - the ring of Ascent (right hand) {+Fly rElec rF++ MP+9 Dex-3}
   (You acquired it on level 10 of the Dungeon)

   [ring of magical power]

   It affects your dexterity (-3).
   It greatly protects you from fire.
   It insulates you from electricity.
   It affects your magic capacity (+9).
   It lets you fly.
 z - an uncursed ring of ice
 G - an uncursed ring of positive energy
 N - the amulet of Tazec (around neck) {Reflect rElec Dex+4 SH+5}
   (You acquired it on level 2 of the Orcish Mines)

   [amulet of reflection]

   It shields you and reflects attacks.
   It affects your dexterity (+4).
   It insulates you from electricity.
   It affects your SH (+5).
 X - the ring of the Mage (left hand) {Wiz Will++ Int+3}
   (You took it off an efreet on level 15 of the Dungeon)

   [ring of wizardry]

   It improves your spell success rate.
   It affects your intelligence (+3).
   It affects your willpower, your defense against some magical effects.
Wands
 b - a wand of flame (19)
Scrolls
 f - 11 scrolls of teleportation
 n - 2 scrolls of fog
 s - 7 scrolls of magic mapping
 x - 4 scrolls of blinking
 y - 9 scrolls of remove curse
 A - 4 scrolls of amnesia
 S - 2 scrolls of fear
Potions
 d - 5 potions of flight
 i - a potion of invisibility
 j - 3 potions of heal wounds
 p - 2 potions of resistance
 q - 2 potions of cancellation
 u - a potion of ambrosia {unknown}
 B - 3 potions of berserk rage
 E - 2 potions of magic
 H - 5 potions of curing
 I - 2 potions of might


   Skills:
 + Level 16.7 Fighting
 + Level 15.5 Maces & Flails
 + Level 6.5 Bows
 * Level 15.8 Armour
 - Level 18.5 Shields


You had 15 spell levels left.
You didn't know any spells.
Your spell library contained the following spells:

 Spells                   Type           Power        Failure   Level
 Animate Skeleton         Necr           0%           65%         1
 Apportation              Tloc           0%           65%         1
 Corona                   Hex            0%           65%         1
 Magic Dart               Conj           0%           65%         1
 Shock                    Conj/Air       0%           65%         1
 Sting                    Tmut/Pois      0%           65%         1
 Summon Small Mammal      Summ           0%           65%         1
 Blink                    Tloc           N/A          77%         2
 Call Imp                 Summ           0%           77%         2
 Passwall                 Tmut/Erth      0%           77%         2
 Slow                     Hex            0%           77%         2
 Swiftness                Air            0%           77%         2
 Call Canine Familiar     Summ           0%           93%         3
 Conjure Flame            Conj/Fire      0%           93%         3
 Lesser Beckoning         Tloc           0%           93%         3
 Mephitic Cloud           Conj/Pois/Air  0%           93%         3
 Spider Form              Tmut/Pois      0%           93%         3
 Static Discharge         Conj/Air       0%           93%         3
 Summon Guardian Golem    Hex/Summ       0%           93%         3
 Tukima's Dance           Hex            0%           93%         3
 Airstrike                Air            0%           100%        4
 Ice Form                 Ice/Tmut       0%           100%        4
 Passage of Golubria      Tloc           N/A          100%        4
 Petrify                  Tmut/Erth      0%           100%        4
 Sticky Flame             Conj/Fire      0%           100%        4
 Summon Ice Beast         Ice/Summ       0%           100%        4
 Summon Lightning Spire   Summ/Air       0%           100%        4
 Alistair's Intoxication  Tmut/Pois      0%           100%        5
 Lee's Rapid Deconstruct  Erth           0%           100%        5
 Lightning Bolt           Conj/Air       0%           100%        5
 Metabolic Englaciation   Hex/Ice        0%           100%        5
 Freezing Cloud           Conj/Ice/Air   0%           100%        6
 Invisibility             Hex            0%           100%        6
 Ozocubu's Refrigeration  Ice            0%           100%        6
 Simulacrum               Ice/Necr       0%           100%        6


Dungeon Overview and Level Annotations

Branches:
Dungeon (15/15)            Temple (1/1) D:5            Lair (6/6) D:11
 Shoals (1/4) Lair:2       Spider (0/4) Lair:3        Slime (0/5) Lair:5
    Orc (2/2) D:10            Elf (0/3) Orc:2        Vaults (0/5) D:14
 Depths (0/5) D:15          IceCv (visited)         Volcano (visited)

Altars:
Ashenzari
Cheibriados
Dithmenos
Elyvilon
Fedhas
Gozag
Hepliaklqana
Kikubaaqudgha
Makhleb
Nemelex Xobeh
Okawaru
Qazlal
Ru
Sif Muna
Trog
Uskayaw
Vehumet
Wu Jian
Xom
Yredelemnul
Zin
The Shining One

Shops:
D:5 ?   D:7 *   D:10 :   D:11 [   D:14 }   Orc:2 :[[??}

Portals:
Trove: D:12 (give 8 potions of haste)


Innate Abilities, Weirdness & Mutations

You reflexively headbutt those who attack you in melee.
You have a pair of horns on your head.
You are surrounded by a mild repulsion field. (EV +2)
You are robust. (+10% HP)
You expend magic power (3 MP) to strengthen your wands.


Message History

You are poisoned.
* * * LOW HITPOINT WARNING * * *
You see here an arrow.
You feel better. You block Aizul's attack.
The satyr shoots an arrow.
You reflect the arrow off an invisible shield around you!
The arrow hits the satyr!!
You hear a splash.
Aizul coils herself and waves her upper body at you.
The bolt of poison hits you!!
You are poisoned.
* * * LOW HITPOINT WARNING * * *
You spin and attack Aizul repeatedly.
You hit Aizul but do no damage. Your headbutt misses Aizul.
Aizul is almost dead.
You whack Aizul! Lightning courses through Aizul! You headbutt Aizul.
You kill Aizul!
The Council accepts your kill.
* * * LOW HITPOINT WARNING * * *
You feel sick.
The satyr shoots an arrow.
The arrow hits you!
You die...

.)≈≈≈≈≈≈≈≈≈≈≈≈≈≈≈≈≈≈≈≈≈≈≈≈
≈≈≈≈≈≈≈≈≈≈≈≈≈≈≈.≈......≈≈≈
≈≈≈≈≈≈≈≈≈≈≈≈≈≈..≈≈≈..≈..≈≈
≈≈≈≈≈≈≈≈≈≈≈≈≈≈..≈≈≈≈....≈≈
.≈≈≈≈≈≈≈≈≈≈≈....≈≈≈≈≈≈.≈≈≈
≈≈≈≈≈≈≈≈≈≈≈≈.##.≈≈≈≈≈≈.≈≈≈
≈≈≈≈≈≈≈≈≈≈≈.# ##.≈≈≈≈≈≈≈≈≈
≈≈≈≈≈≈≈≈≈≈≈.## #.≈≈≈≈≈≈≈≈≈
≈.≈≈≈≈≈≈≈≈≈..###@.≈≈≈≈≈≈≈≈
..≈≈≈≈≈≈)≈(.(...(.≈≈≈≈≈≈≈
.≈≈≈≈≈≈(≈≈≈≈≈.....≈≈≈≈≈≈
≈≈≈≈≈≈≈≈..≈≈≈≈≈≈≈≈≈≈≈≈≈≈
≈≈≈≈≈≈≈..≈≈≈≈≈≈≈≈≈≈≈≈≈≈≈
≈≈≈≈≈≈≈≈≈≈≈≈≈≈≈≈≈≈≈≈≈≈≈≈
≈≈≈≈≈≈≈≈≈≈≈≈≈≈≈≈≈≈≈≈≈≈≈≈
≈≈≈≈≈≈≈≈≈≈c≈≈≈≈≈≈≈≈≈≈≈≈≈
≈≈≈≈≈≈≈≈≈(≈≈.≈≈≈≈≈≈≈≈≈≈≈


You could see a satyr.

Vanquished Creatures
  Frances (D:14)
  Kirke (Lair:5)
  Aizul (Shoals:1)
  The ghost of boben the Cleaver, a journeyman MiBe of Trog (Lair:6)
  A red draconian (Volcano)
  A minotaur (Shoals:1)
  A merfolk javelineer (Shoals:1)
  Harold (Lair:1)
  2 boulder beetles
  3 vault guards (D:14)
  5 hydras
  4 centaur warriors
  A merfolk avatar (Shoals:1)
  A two-headed ogre (D:13)
  5 death yaks (Lair:5)
  A merfolk aquamancer (Shoals:1)
  2 tengu warriors (D:13)
  2 orc high priests
  Sonja (D:11)
  A fire crab (shapeshifter) (D:15)
  3 sea snakes (Shoals:1)
  4 unseen horrors
  Pikel (D:4)
  A wolf spider zombie (D:15)
  4 orc knights
  A cyclops (D:15)
  A necromancer (IceCv)
  An oklob plant (Lair:1)
  An orc sorcerer (D:10)
  2 manticores (Shoals:1)
  A salamander (shapeshifter) (D:15)
  9 ugly things
  2 deep elf magi
  2 fauns (Shoals:1)
  3 merfolk sirens
  Maurice (D:8)
  2 black mambas
  An ice statue (IceCv)
  12 elephants
  2 gargoyles
  3 torpor snails
  23 cane toads
  5 rime drakes
  A kobold demonologist (D:14)
  A yaktaur (D:13)
  9 komodo dragons
  10 freezing wraiths (IceCv)
  2 efreet (D:15)
  8 meliai
  A wolf spider simulacrum (IceCv)
  7 merfolk
  7 trolls
  5 tyrant leeches (Lair:6)
  3 polar bears
  27 blink frogs
  A slime creature (shapeshifter) (D:15)
  6 slime creatures
  2 snapping turtles (Shoals:1)
  16 flying skulls (D:12)
  Sigmund (D:2)
  3 redbacks (Lair:3)
  4 water elementals (Shoals:1)
  2 hogs (Lair:5)
  2 wraiths
  3 wyverns (Lair:5)
  8 humans (D:14)
  2 basilisks
  68 yaks
  A yak (shapeshifter) (D:15)
  Eustachio (D:4)
  12 fire bats
  6 vampire mosquitoes (Lair:6)
  3 acid dragons
  2 wargs (Orc:1)
  A soldier ant (D:14)
  16 water moccasins
  7 phantoms
  8 ice beasts
  4 sky beasts
  6 black bears
  3 boggarts (D:15)
  43 orc warriors
  3 wolves (Lair:6)
  24 centaurs
  17 ogres
  6 big kobolds
  28 bullfrogs
  3 gnoll sergeants
  A wyvern zombie (D:11)
  8 scorpions
  2 elephant simulacra (IceCv)
  9 killer bees
  11 wights
  4 howler monkeys
  8 electric eels (D:11)
  A bullfrog zombie (D:6)
  10 lava snakes (Volcano)
  19 orc priests
  5 centaur zombies
  Crazy Yiuf (D:6)
  4 hounds
  2 jellies
  A draconian simulacrum (IceCv)
  3 bullfrog skeletons
  20 orc wizards
  4 iguanas
  Natasha (thrice) (D:2)
  4 hell rats (Lair:4)
  A polar bear simulacrum (IceCv)
  13 worker ants
  5 spriggan simulacra (IceCv)
  6 troll simulacra (IceCv)
  3 centaur simulacra (IceCv)
  A hound zombie (D:11)
  A worker ant zombie (D:7)
  Robin (D:2)
  13 gnolls
  A naga simulacrum (IceCv)
  12 adders
  4 ogre simulacra (IceCv)
  2 shadow imps (D:6)
  15 white imps
  2 ufetubi (D:6)
  8 oozes
  2 adder zombies (D:7)
  An adder skeleton (D:5)
  7 worms
  3 dart slugs
  7 leopard geckos
  56 orcs
  4 giant cockroaches
  13 goblins
  16 hobgoblins
  7 quokkas
  3 ball pythons
  A ball python skeleton (D:6)
  16 bats
  4 frilled lizards
  21 kobolds
  7 rats
890 creatures vanquished.

Vanquished Creatures (others)
  2 yaks (Lair:5)
  2 humans
  A kobold (D:14)
  2 bushes
  55 fungi
  114 plants
176 creatures vanquished.

Grand Total: 1066 creatures vanquished

Notes
Turn   | Place    | Note
-------+----------+-------------------------------------------
     0 | D:1      | vovch the Minotaur Fighter began the quest for the Orb.
     0 | D:1      | Reached XP level 1. HP: 19/19 MP: 0/0
     3 | D:1      | Noticed an electric eel
     4 | D:1      | Noticed an electric eel
   127 | D:1      | Reached XP level 2. HP: 26/27 MP: 1/1
   355 | D:1      | Reached skill level 4 in Shields
   581 | D:1      | Reached XP level 3. HP: 34/34 MP: 2/2
   737 | D:2      | Noticed Sigmund
   906 | D:2      | Killed Sigmund
   907 | D:2      | Reached skill level 5 in Fighting
   907 | D:2      | Reached XP level 4. HP: 36/44 MP: 3/3
   907 | D:2      | Reached XP level 5. HP: 41/50 MP: 4/4
  1094 | D:2      | Noticed Robin
  1103 | D:2      | Killed Robin
  1107 | D:2      | Reached skill level 5 in Shields
  1208 | D:2      | Found a white marble altar of Elyvilon.
  1412 | D:2      | Noticed Natasha
  1416 | D:2      | Killed Natasha
  1417 | D:2      | Reached XP level 6. HP: 58/58 MP: 5/5
  1454 | D:2      | Noticed Natasha
  1459 | D:2      | Killed Natasha
  1503 | D:2      | Noticed Natasha
  1509 | D:2      | Killed Natasha
  2437 | D:4      | Noticed Eustachio
  2556 | D:4      | Killed Eustachio
  2557 | D:4      | Reached skill level 5 in Maces & Flails
  2557 | D:4      | Reached XP level 7. HP: 66/66 MP: 6/6
  2598 | D:4      | Reached skill level 6 in Shields
  2699 | D:4      | Noticed Pikel
  2806 | D:4      | Killed Pikel
  2807 | D:4      | Reached XP level 8. HP: 57/78 MP: 7/7
  3359 | D:4      | Reached skill level 7 in Shields
  3392 | D:5      | Entered Level 5 of the Dungeon
  3580 | D:5      | Found a staircase to the Ecumenical Temple.
  3602 | Temple   | Entered the Ecumenical Temple
  3946 | D:5      | Found Uxkus's Magic Scroll Shop.
  3968 | D:5      | Bought a scroll of blinking for 82 gold pieces
  3968 | D:5      | Bought a scroll of enchant weapon for 82 gold pieces
  3968 | D:5      | Bought a scroll of identify for 22 gold pieces
  3968 | D:5      | Bought a scroll of enchant weapon for 82 gold pieces
  4386 | D:5      | Reached skill level 10 in Fighting
  4475 | D:5      | Found an ornate altar of the Wu Jian Council.
  4485 | D:5      | Became a worshipper of the Wu Jian Council
  4799 | D:5      | Reached skill level 8 in Shields
  4839 | D:5      | Reached XP level 9. HP: 76/85 MP: 8/8
  5219 | D:6      | Reached * piety under Wu Jian
  5461 | D:6      | Reached skill level 9 in Shields
  5607 | D:6      | Found a hazy altar of Hepliaklqana.
  5777 | D:6      | Found a runed translucent door.
  5778 | D:6      | Noticed Crazy Yiuf
  5788 | D:6      | Killed Crazy Yiuf
  6028 | D:7      | Found Samaidgh's General Store.
  6032 | D:7      | Bought a potion of curing for 36 gold pieces
  6112 | D:7      | Found a stormy altar of Qazlal.
  6298 | D:7      | Reached skill level 10 in Shields
  6429 | D:7      | Reached skill level 10 in Maces & Flails
  6442 | D:7      | Reached ** piety under Wu Jian
  6590 | D:7      | Noticed a troll
  6595 | D:7      | Killed a troll
  6652 | D:7      | Reached XP level 10. HP: 93/93 MP: 9/9
  6784 | D:8      | Reached skill level 11 in Shields
  7044 | D:8      | Noticed Maurice
  7068 | D:8      | Killed Maurice
  7379 | D:8      | Found a white marble altar of Elyvilon.
  7790 | D:9      | Found an iron altar of Okawaru.
  7790 | D:9      | Found a radiant altar of Vehumet.
  8248 | D:10     | Entered Level 10 of the Dungeon
  8271 | D:10     | Found a staircase to the Orcish Mines.
  8289 | D:10     | Reached skill level 12 in Shields
  8513 | D:9      | Reached *** piety under Wu Jian
  8709 | D:10     | Killed an unseen horror
  8743 | D:9      | Reached XP level 11. HP: 78/99 MP: 8/10
  8754 | D:9      | Noticed an unseen horror
  8758 | D:9      | Killed an unseen horror
  8759 | D:9      | Reached skill level 13 in Shields
  9013 | D:10     | Found Tuifolis's Book Boutique.
  9330 | D:10     | Identified 2 scrolls of acquirement
  9330 | D:10     | Acquired a +4 great mace of holy wrath
  9333 | D:10     | Acquired the ring of Ascent {+Fly rElec rF++ MP+9 Dex-3}
  9518 | D:11     | Noticed a brown ugly thing
  9532 | D:11     | Killed a brown ugly thing
  9594 | D:11     | Reached **** piety under Wu Jian
  9824 | D:11     | Noticed a boulder beetle
  9825 | D:11     | Found a gate leading to a gauntlet.
  9846 | D:11     | Killed a boulder beetle
  9847 | D:11     | Reached skill level 14 in Shields
  9856 | D:11     | Noticed Sonja
  9892 | D:11     | Killed Sonja
 10165 | D:11     | Found a staircase to the Lair.
 10224 | Lair:1   | Entered Level 1 of the Lair of Beasts
 10240 | Lair:1   | Noticed Harold
 10259 | Lair:1   | Killed Harold
 10306 | Lair:1   | Noticed a four-headed hydra
 10318 | Lair:1   | Killed a four-headed hydra
 10359 | Lair:1   | Reached skill level 15 in Shields
 10368 | Lair:1   | Reached XP level 12. HP: 106/106 MP: 11/11
 10617 | Lair:1   | Found a dark tunnel.
 10629 | Volcano  | Entered a volcano
 10832 | Volcano  | Reached ***** piety under Wu Jian
 10890 | Volcano  | Noticed a centaur warrior
 10897 | Volcano  | Noticed a red draconian
 10904 | Volcano  | Reached skill level 16 in Shields
 10919 | Volcano  | Killed a red draconian
 10926 | Volcano  | Killed a centaur warrior
 10932 | Volcano  | Found a bloodstained altar of Trog.
 11225 | Lair:1   | Got an ebony whip
 11441 | Lair:1   | Identified the +6 whip of the Horn {vorpal, MP+9} (You
                  | found it on level 1 of the Lair of Beasts)
 12096 | Lair:2   | Reached skill level 17 in Shields
 12255 | Lair:2   | Found a staircase to the Shoals.
 12630 | Lair:2   | Reached skill level 18 in Shields
 13005 | Lair:2   | Reached XP level 13. HP: 88/113 MP: 12/12
 13911 | Lair:3   | Got an ichor-stained plate armour
 14289 | Lair:3   | Found a hole to the Spider Nest.
 14651 | Lair:3   | Reached skill level 5 in Armour
 15741 | Lair:4   | Identified the +10 plate armour of Zuzunoh {*Contam rF-
                  | Dex+9} (You found it on level 3 of the Lair of Beasts)
 15763 | Lair:4   | Gained mutation: Your spells are a little harder to cast,
                  | but a little more powerful. [mutagenic glow]
 16267 | Lair:5   | Noticed Kirke
 16369 | Lair:6   | Entered Level 6 of the Lair of Beasts
 16511 | Lair:5   | Killed Kirke
 16863 | Lair:5   | Found a staircase to the Slime Pits.
 17179 | Lair:5   | Reached skill level 10 in Armour
 17307 | Lair:5   | Reached XP level 14. HP: 107/129 MP: 13/13
 18898 | Lair:6   | Reached ****** piety under Wu Jian
 19350 | Lair:6   | Found a runed translucent gate.
 19351 | Lair:6   | Found a runed translucent gate.
 19351 | Lair:6   | Noticed boben's ghost (journeyman MiBe)
 19352 | Lair:6   | Found a runed translucent gate.
 19595 | Lair:6   | Killed boben's ghost
 20064 | Orc:1    | Entered Level 1 of the Orcish Mines
 20097 | Orc:1    | Reached skill level 15 in Fighting
 20335 | Orc:2    | Entered Level 2 of the Orcish Mines
 21478 | Orc:2    | Reached skill level 1 in Bows
 21706 | Orc:2    | Found a staircase to the Elven Halls.
 21821 | Orc:2    | Found Sesass's Magic Scroll Shop.
 21836 | Orc:2    | Found Peim's Gadget Emporium.
 22002 | Orc:2    | Bought a scroll of enchant armour for 97 gold pieces
 22482 | Orc:2    | Found Ridouh's Antique Armour Shop.
 22482 | Orc:2    | Found Gotea's Armour Shoppe.
 22484 | Orc:2    | Found Dekunam's Book Boutique.
 22486 | Orc:2    | Found Fopuugg's Magic Scroll Emporium.
 22491 | Orc:2    | Bought a pair of glowing gloves for 225 gold pieces
 22496 | Orc:2    | Bought a pair of glowing gloves for 225 gold pieces
 22507 | Orc:2    | Bought a +0 pair of boots for 58 gold pieces
 22514 | Orc:2    | Bought a scroll of enchant armour for 82 gold pieces
 22514 | Orc:2    | Bought a scroll of identify for 22 gold pieces
 22526 | Orc:2    | Bought a scroll of acquirement for 572 gold pieces
 22530 | Orc:2    | Acquired the amulet of Tazec {Reflect rElec Dex+4 SH+5}
 22553 | Orc:2    | Bought a +0 kite shield of cold resistance for 149 gold
                  | pieces
 23395 | D:11     | Lost mutation: Your spells are a little harder to cast, but
                  | a little more powerful. [potion of mutation]
 23395 | D:11     | Gained mutation: You expend magic power (3 MP) to
                  | strengthen your wands. [potion of mutation]
 23395 | D:11     | Gained mutation: You are robust. (+10% HP) [potion of
                  | mutation]
 23395 | D:11     | Gained mutation: You are surrounded by a mild repulsion
                  | field. (EV +2) [potion of mutation]
 23616 | D:11     | Found Jecvy's Armour Shop.
 23879 | D:11     | Identified the Disquisition on Fire and Transformation
 24060 | D:12     | Reached XP level 15. HP: 155/155 MP: 14/14
 24097 | D:12     | Found the +3 giant club "Skullcrusher" {speed, Str+7}
 24443 | D:12     | Found a portal to a secret trove of treasure.
 24956 | D:13     | Found a hide-covered altar of Uskayaw.
 25747 | D:14     | Noticed Frances
 25779 | D:14     | Killed Frances
 26465 | D:14     | Found a gate to the Vaults.
 26534 | D:14     | Found Yxzeuwad's Gadget Boutique.
 26863 | D:15     | Entered Level 15 of the Dungeon
 26980 | D:15     | Reached skill level 15 in Maces & Flails
 27349 | D:15     | Found a frozen archway.
 27360 | IceCv    | Entered an ice cave
 27398 | IceCv    | Reached skill level 5 in Bows
 27558 | IceCv    | Found an ancient bone altar of Kikubaaqudgha.
 27978 | D:15     | Reached skill level 15 in Armour
 28783 | D:15     | Found a staircase to the Depths.
 29276 | Shoals:1 | Entered Level 1 of the Shoals
 29422 | Shoals:1 | Reached XP level 16. HP: 128/167 MP: 15/15
 30150 | Shoals:1 | Found a hide-covered altar of Uskayaw.
 30377 | Shoals:1 | Noticed Aizul
 30406 | Shoals:1 | Killed Aizul
 30406 | Shoals:1 | Shot with an arrow by a satyr

Illustrated notes

Levels and vault maps discovered:
D:1:      arrival_aquarium_b, layout_basic, minmay_misc_feat_ornament
D:2:      layout_rooms, elyvilon_altar_3, minmay_misc_feat_tower,
          minmay_unequal, uniq_sigmund, uniq_robin, uniq_natasha
D:3:      layout_loops_cross
D:4:      layout_rooms, serial_glass, glass_columns_a, glass_columns_c,
          uniq_pikel, uniq_eustachio
D:5:      old_forge, layout_basic, lemuel_coloured_pillars_altar,
          minmay_temple_entry_offerings, serial_shops, nicolae_shop_statue_plus
D:6:      layout_loops_ring, nicolae_overflow_hidden_temple,
          uniq_crazy_yiuf_cottage
D:7:      layout_rooms, grunt_qazlal_clouds, serial_shops, shop, kb_rosetta
D:8:      layout_cave_pools, basic_altar, uniq_maurice
D:9:      layout_loops_ring, grunt_temple_overflow_open
D:10:     layout_cave_pools, kennysheep_orc_monster_closet_entryway,
          serial_shops, shop
D:11:     layout_basic, david_lair_generic, gauntlet_entry_generic,
          serial_shops, nicolae_shop_waterfront, minmay_unpleasant_kobolds,
          uniq_sonja
D:12:     layout_rooms, enter_trove_1, minmay_guarded_unrand_skullcrusher
D:13:     layout_long_grid, basic_altar, st_stairs_9
D:14:     layout_gridville, ximxim_vaults_locker_room, serial_shops,
          kennysheep_little_box, minmay_staircase_windowed_large, uniq_frances
D:15:     gammafunk_enter_depths_forms, layout_loops_corners,
          corexii_corridor_pit, portal_ice_cave_rime
Temple:   eino_temple_scatter_basement
Lair:1:   layout_small_grid, nicolae_volcano_entry_batcave,
          serial_bayou_shore_b, minmay_lair_oklob_chamber, grunt_megastairs_3,
          uniq_harold
Lair:2:   layout_roguey, elwin_shoals_entry_stream
Lair:3:   layout_regular_city, spider_nest_entry_webs
Lair:4:   layout_loops_ring, small_statue_intersection,
          cheibrodos_lair_reptile_den, infiniplex_staircase_pool_2,
          grunt_megastairs_4
Lair:5:   layout_small_grid, nicolae_slime_entry_slimehenge,
          serial_bayou_shore_b, uniq_kirke
Lair:6:   minmay_lair_end_frog_pond, layout_regular_city,
          ebering_ghost_rock_garden, ldierk_geyser, infiniplex_staircase_pool
Shoals:1: layout_shoals, regret_index_shoals_crete, uniq_aizul
Orc:1:    layout_caves
Orc:2:    st_orc_rangers, layout_caves, serial_shops, shop, shop

Skill      XL: |  1  2  3  4  5  6  7  8  9 10 11 12 13 14 15 |
---------------+----------------------------------------------+-----
Fighting       | 4 5 6 7 9 10 13 15 16 | 16.7
Shields        | 4 5 6 8 10 12 15 18 | 18.5
Maces & Flails | 3 4 5 6 7 10 12 14 15 | 15.5
Armour         | 10 13 15 | 15.8
Bows           | 2 6 |  6.5

Action                   |  1- 3 |  4- 6 |  7- 9 | 10-12 | 13-15 | 16-18 || total
-------------------------+-------+-------+-------+-------+-------+-------++-------
Melee: Flail             |    51 |    55 |       |       |       |       ||   106
       Headbutt          |     5 |    15 |    43 |   158 |   407 |    32 ||   660
       Whip              |       |    80 |   301 |   822 |  2095 |   130 ||  3428
       Demon whip        |       |       |       |       |    36 |       ||    36
       Mace              |       |       |       |       |   110 |       ||   110
Invok: Lunge             |       |       |    15 |    41 |    98 |    10 ||   164
       Whirlwind         |       |       |     2 |    38 |   545 |    18 ||   603
       Heavenly Storm    |       |       |       |       |     2 |       ||     2
       Serpent's Lash    |       |       |       |       |     1 |       ||     1
 Abil: Wall Jump         |       |       |     1 |       |     2 |       ||     3
       Evoke Flight      |       |       |       |     1 |       |     2 ||     3
Evoke: Wand              |       |       |       |       |     2 |       ||     2
       Phial of floods   |       |       |       |       |     1 |       ||     1
  Use: Potion            |     1 |       |       |       |     6 |     8 ||    15
       Scroll            |       |       |    24 |    13 |    21 |       ||    58
 Stab: Distracted        |       |       |       |     1 |       |       ||     1
Armor: Scale mail        |    14 |    31 |    58 |    18 |       |       ||   121
       Plate armour      |       |       |       |    70 |   209 |    22 ||   301
       Crystal plate arm |       |       |       |    90 |   216 |       ||   306
Dodge: Dodged            |    13 |    27 |    39 |    51 |   139 |    10 ||   279
Block: Kite shield       |    21 |    59 |    96 |   306 |   915 |    79 ||  1476
       Reflection        |       |       |       |       |    46 |    18 ||    64
